 Dungeon Crawl Stone Soup version 0.18.1-48-g4cf74bf (webtiles) character file.

113 OTRawrior the Digger (level 4, 0/24 HPs)
             Began as a Gargoyle Earth Elementalist on Aug 13, 2016.
             Slain by a giant gecko (3 damage)
             ... on level 1 of the Dungeon on Aug 14, 2016.
             The game lasted 00:06:23 (1922 turns).

OTRawrior the Digger (Gargoyle Earth Elementalist)  Turns: 1922, Time: 00:06:24

Health: 0/24       AC: 10    Str: 12    XL:     4   Next: 96%
Magic:  0/9        EV: 12    Int: 16    God:
Gold:   79         SH:  0    Dex: 10    Spells: 2 memorised, 6 levels left

rFire  . . .     SeeInvis .     m - +0 dagger (protect)
rCold  . . .     Gourm    .     a - +0 robe
rNeg   + . .     Faith    .     (no shield)
rPois  ∞         Spirit   .     (no helmet)
rElec  +         Dismiss  .     (no cloak)
rCorr  .         Reflect  .     (no gloves)
SustAt .         Harm     .     (no boots)
MR     .....                    (no amulet)
Stlth  ++........               (no ring)
                                (no ring)

@: not resistant to hostile enchantments, unstealthy
A: negative energy resistance 1, electricity resistance, unbreathing,
petrification resistance, rot immunity, AC +3
a: no special abilities


You were on level 1 of the Dungeon.
You were hungry.

You visited 1 branch of the dungeon, and saw 2 of its levels.

You collected 79 gold pieces.

Inventory:

Hand Weapons
 i - a +0 whip
 m - a +0 dagger of protection (weapon)
Missiles
 b - 48 stones (quivered)
Armour
 a - a +0 robe (worn)
Wands
 q - a wand of disintegration (12/24)
Scrolls
 g - 3 scrolls of identify {unknown}
 k - 2 scrolls of teleportation {unknown}
 l - a scroll of enchant weapon {unknown}
 r - a scroll of amnesia {unknown}
Potions
 e - 2 potions of curing {unknown}
 f - 2 potions of agility {unknown}
 j - a potion of ambrosia {unknown}
 n - a potion of might {unknown}
 o - a potion of degeneration {unknown}
 p - 2 potions of mutation {unknown}
Books
 c - a book of Geomancy

   Spells                             Type                      Level
   a - Sandblast                      Earth                        1
   b - Passwall                       Transmutation/Earth          2
   c - Stone Arrow                    Conjuration/Earth            3
   d - Petrify                        Transmutation/Earth          4
   e - Lee's Rapid Deconstruction     Earth                        5
Comestibles
 d - 5 bread rations
 h - a beef jerky


   Skills:
 - Level 1.5 Dodging
 - Level 2.1 Stealth
 * Level 3.8 Spellcasting
 + Level 1.2 Conjurations
   Level 0.7 Transmutations
 + Level 4.5 Earth Magic


You had 6 spell levels left.
You knew the following spells:

 Your Spells              Type           Power        Failure   Level  Hunger
a - Sandblast             Erth           ###...       2%          1    None
b - Stone Arrow           Conj/Erth      ##....       17%         3    ###....


Dungeon Overview and Level Annotations

Branches:
Dungeon (2/15)

Altars:
Makhleb
Nemelex Xobeh
Okawaru
Pakellas
Qazlal
Trog
Xom
Yredelemnul


Innate Abilities, Weirdness & Mutations

You are resistant to torment.
Your stone body is resilient (AC +3).
You are immune to poison.
You resist negative energy.
You are resistant to electric shocks.
You can survive without breathing.
You are immune to petrification.
You are immune to rotting.


Message History

The giant gecko is heavily wounded.
The giant gecko barely misses you. The giant gecko bites you.
* * * LOW HITPOINT WARNING * * *
You miss the giant gecko.
The giant gecko is heavily wounded.
The giant gecko bites you but does no damage.
Things that are here:
a club; a leather armour; a gnoll corpse The giant gecko bites you but does no damage.
You see here 13 poisoned needles.
You see here a club.
Casting: Sandblast
Confirm with . or Enter, or press ? or * to list all spells.
Aiming: Sandblast
Press: ? - help, Shift-Dir - straight line, f/p - giant gecko
Aim: a giant gecko (heavily wounded, clinging)
The blast of sand misses the giant gecko.
The giant gecko closely misses you. The giant gecko bites you.
You die...

........#.≈###§§≈###≈§≈###≈.≈###§
...###..#.≈# #≈.≈# #§.§# #§.≈# #≈
######..#.≈###≈.≈###§§§###≈.≈###≈
.......#..§≈≈§§.≈≈≈≈§)≈≈≈≈≈.≈§≈≈≈
######.....§§§.....(.............
####.#>#.###.#####..#####...
#.....# #)#####.######...
###.#####l.............##
#.####@..............#
#.............#####.##
################.######## #.#
#................# #.#
#.################ #.### #.#
#.... ..# ##### ###


You could see a giant gecko.

Vanquished Creatures
  A gnoll shaman (D:1)
  2 gnolls (D:2)
  An adder (D:2)
  An ooze (D:1)
  5 dart slugs
  2 giant geckos (D:1)
  2 giant cockroaches
  8 goblins
  4 hobgoblins
  6 bats
  A giant newt (D:1)
  7 kobolds
  4 rats
44 creatures vanquished.

Notes
Turn   | Place    | Note
--------------------------------------------------------------
     0 | D:1      | OTRawrior the Gargoyle Earth Elementalist began the quest for the Orb.
     0 | D:1      | Reached XP level 1. HP: 10/10 MP: 3/3
     6 | D:1      | Noticed a swamp worm
     6 | D:1      | Noticed a crocodile
     6 | D:1      | Noticed a polar bear
     7 | D:1      | Noticed a killer bee
   174 | D:1      | Reached XP level 2. HP: 15/15 MP: 1/5
   356 | D:1      | Reached skill level 4 in Earth Magic
   860 | D:1      | Reached XP level 3. HP: 16/19 MP: 2/7
   914 | D:1      | Learned a level 3 spell: Stone Arrow
  1310 | D:2      | Found a shimmering altar of Xom.
  1312 | D:2      | Found a burning altar of Makhleb.
  1314 | D:2      | Found a basalt altar of Yredelemnul.
  1314 | D:2      | Found a stormy altar of Qazlal.
  1316 | D:2      | Found an oddly glowing altar of Pakellas.
  1316 | D:2      | Found an iron altar of Okawaru.
  1316 | D:2      | Found a sparkling altar of Nemelex Xobeh.
  1511 | D:2      | Found a bloodstained altar of Trog.
  1616 | D:2      | Reached XP level 4. HP: 24/24 MP: 3/9
  1903 | D:1      | Reached skill level 1 in Conjurations
  1922 | D:1      | Slain by a giant gecko

Skill      XL: |  1  2  3  4 |
---------------+-------------+-----
Earth Magic    | 4 |  4.5
Spellcasting   | 3 |  3.8
Conjurations   | 1 |  1.2
Dodging        | |  1.5
Stealth        | |  2.1
Transmutations | |  0.7

Action                   |  1- 3 |  4- 6 || total
-------------------------+-------+-------++-------
Melee: Dagger            |    37 |    17 ||    54
       Whip              |    19 |       ||    19
 Cast: Sandblast         |    56 |    26 ||    82
       Stone Arrow       |     2 |       ||     2
  Eat: Chunk             |     2 |     1 ||     3
Armor: Robe              |    29 |    17 ||    46
Dodge: Dodged            |    60 |    22 ||    82
